 Dungeon Crawl Stone Soup version 0.26-a0-154-g3d63440f56 (webtiles) character file.

Game seed: 9050699899130569169

28893 Flugslaktarn the Covert (level 13, -1/83 HPs)
             Began as an Octopode Ice Elementalist on June 30, 2020.
             Was a Follower of Uskayaw.
             Impaled on a porcupine's spines (14 damage)
             ... on level 2 of the Lair of Beasts.
             The game lasted 01:03:25 (6280 turns).

Flugslaktarn the Covert (Octopode Ice Elementalist) Turns: 6280, Time: 01:03:26

Health: -1/83      AC:  1    Str:  7    XL:     13   Next: 41%
Magic:  3/21       EV: 19    Int: 22    God:    Uskayaw [*.....]
Gold:   160        SH:  0    Dex: 13    Spells: 5/22 levels left

rFire    + + .     SeeInvis .   t - +8 rapier of Nostuhal {venom, rF+}
rCold    + . .     Faith    .   (no shield)
rNeg     . . .     Spirit   .   (helmet restricted)
rPois    .         Reflect  .   a - amulet of regeneration
rElec    +         Harm     .   g - ring of ice
rCorr    .                      q - ring of protection from fire
MR       +....                  h - ring "Gilovani" {rElec rF+ MR+ Slay+2 Stlth+}
Stlth    +++++++...             (no ring)
HPRegen  0.23/turn              (no ring)
MPRegen  0.17/turn              (no ring)
                                (no ring)
                                (no ring)

@: no status effects
A: almost no armour, stealthy swim, amphibious, 8 rings, constrict 8, camouflage
1, gelatinous body 1
a: Stomp, Renounce Religion


You were on level 2 of the Lair of Beasts.
You worshipped Uskayaw.
Uskayaw was noncommittal.
You were not hungry.

You visited 4 branches of the dungeon, and saw 18 of its levels.
You also visited: Bailey.

You collected 1283 gold pieces.
You spent 1123 gold pieces at shops.

Inventory:

Hand Weapons
 o - a +2 spear of distortion
   (You took it off a gnoll sergeant on level 3 of the Dungeon)
 r - a +0 rapier
   (You found it on level 4 of the Dungeon)
 t - the +8 rapier of Nostuhal (weapon) {venom, rF+}
   (You found it on level 5 of the Dungeon)

   It poisons the flesh of those it strikes.
   It protects you from fire.
 z - the cursed +1 rapier "Fuboor" {vorpal, rPois rC+ MR+}
   (You found it on level 6 of the Dungeon)

   It inflicts extra damage upon your enemies.
   It protects you from cold.
   It protects you from poison.
   It affects your resistance to hostile enchantments.
   It has a curse placed upon it.
 P - a +4 dagger of chaos
   (You took it off Psyche on level 11 of the Dungeon)
 S - a +2 dagger of electrocution
   (You took it off an orc sorcerer on level 1 of the Orcish Mines)
Missiles
 E - 15 boomerangs (quivered)
 M - 14 javelins
Jewellery
 a - an amulet of regeneration (around mantle)
   (You found it on level 2 of the Dungeon)
 g - a ring of ice (left tentacle)
   (You found it on level 2 of the Dungeon)
 h - the ring "Gilovani" (on tentacle) {rElec rF+ MR+ Slay+2 Stlth+}
   (You bought it in a shop on level 7 of the Dungeon)

   [ring of protection from fire]

   It affects your accuracy and damage with ranged weapons and melee attacks
   (+2).
   It protects you from fire.
   It insulates you from electricity.
   It affects your resistance to hostile enchantments.
   It makes you more stealthy.
 l - an uncursed amulet of the acrobat
   (You found it on level 9 of the Dungeon)
 p - an uncursed amulet of reflection {unknown}
   (You found it on level 2 of the Lair of Beasts)
 q - a ring of protection from fire (right tentacle)
   (You found it on level 3 of the Dungeon)
Wands
 i - a wand of paralysis (16)
   (You found it on level 3 of the Dungeon)
 s - a wand of flame (60)
   (You found it on level 5 of the Dungeon)
 B - a wand of enslavement (5)
   (You found it on level 7 of the Dungeon)
 D - a wand of polymorph (3)
   (You found it on level 7 of the Dungeon)
 R - a wand of clouds (2)
   (You took it off a crimson imp on level 12 of the Dungeon)
Scrolls
 e - a scroll of teleportation
 m - a scroll of identify
 v - a scroll of random uselessness
 y - a scroll of fog
 A - 2 scrolls of magic mapping
 C - a scroll of enchant weapon {unknown}
 F - 5 scrolls of remove curse
 G - a scroll of vulnerability {unknown}
 H - 2 scrolls of blinking {unknown}
 K - a scroll of amnesia
 N - 2 scrolls of enchant armour {ea, unknown}
 O - a scroll of noise {unknown}
Potions
 c - a potion of brilliance {unknown}
 d - 8 potions of curing
 n - 4 potions of ambrosia
 u - 2 potions of heal wounds
 w - a potion of magic
 x - 2 potions of haste {unknown}
 I - a potion of cancellation {unknown}
 J - 2 potions of berserk rage {unknown}
 L - a potion of flight {unknown}
 Q - a potion of experience {unknown}
 T - a potion of stabbing {unknown}
Miscellaneous
 f - a phantom mirror
Comestibles
 b - 13 rations


   Skills:
 - Level 6.0 Fighting
 - Level 8.0 Short Blades
 - Level 10.0 Dodging
 - Level 11.0 Stealth
 + Level 5.3 Spellcasting
 - Level 3.0 Summonings
 + Level 8.1 Necromancy
 - Level 9.0 Ice Magic
 - Level 6.0 Earth Magic
 - Level 7.0 Invocations
 - Level 4.0 Evocations


You had 5 spell levels left.
You knew the following spells:

 Your Spells              Type           Power        Failure   Level  Hunger
a - Freeze                Ice            ####         1%          1    None
b - Frozen Ramparts       Ice            ######       1%          3    ##.....
c - Borgnjor's Vile Clut  Necr/Erth      #####.....   14%         5    #####..
d - Summon Ice Beast      Ice/Summ       #####...     9%          4    ####...
e - Animate Dead          Necr           N/A          3%          4    ####...

Your spell library contained the following spells:

 Spells                   Type           Power        Failure   Level  Hunger
 Ensorcelled Hibernation  Hex/Ice        #####.       2%          2    None
 Ozocubu's Armour         Chrm/Ice       #####...     4%          3    ##.....
 Corona                   Hex            #......      10%         1    None
 Magic Dart               Conj           #...         10%         1    None
 Searing Ray              Conj           #.....       14%         2    None
 Recall                   Summ/Tloc      N/A          16%         3    ##.....
 Hailstorm                Conj/Ice       #####...     16%         4    ####...
 Confusing Touch          Hex            #.......     28%         3    ##.....
 Dazzling Flash           Conj/Hex       #.....       28%         3    ##.....
 Gell's Gravitas          Tloc           #.........   28%         3    ##.....
 Tukima's Dance           Hex            #.......     28%         3    ##.....
 Petrify                  Tmut/Erth      ###.....     28%         4    ####...
 Metabolic Englaciation   Hex/Ice        #####.....   38%         5    #####..
 Fulminant Prism          Conj/Hex       #.........   67%         4    ####...
 Iskenderun's Mystic Bla  Conj/Tloc      #.......     67%         4    ####...
 Yara's Violent Unravell  Hex/Tmut       #.........   95%         5    #####..
 Simulacrum               Ice/Necr       ######....   41%         6    #######
 Death Channel            Necr           #####.....   45%         6    #######


Dungeon Overview and Level Annotations

Branches:
Dungeon (13/15)            Temple (1/1) D:4            Lair (2/6) D:9
    Orc (2/2) D:10         Bailey (visited)
  Swamp: Lair:2-4    Shoals: Lair:2-4     Snake: Lair:2-4    Spider: Lair:2-4
    Elf: Orc:2       Vaults: D:13-14

Altars:
Ashenzari
Dithmenos
Elyvilon
Fedhas
Hepliaklqana
Kikubaaqudgha
Nemelex Xobeh
Okawaru
Qazlal
Ru
Sif Muna
Uskayaw
Vehumet
Wu Jian
Xom
Yredelemnul

Shops:
D:5 (   D:7 =*?   D:8 (   Orc:2 [[*:

Annotations:
D:3 Grinder
D:6 2 transporters
Lair:2 2 transporters, Xaosum's ghost, journeyman OgFE


Innate Abilities, Weirdness & Mutations

You cannot wear most types of armour.
You are very stealthy in the water. (Stealth+)
You are amphibious.
You can wear up to eight rings at the same time.
You can use your tentacles to constrict eight enemies at once.
Your skin changes colour to match your surroundings (Stealth+).
Your rubbery body absorbs attacks. (AC +1, EV +1)


Message History

Guard this area!
Your ice beast barely misses the yak.
The yak gores your ice beast!
Your ice beast closely misses the yak.
The yak gores your ice beast.
Your ice beast completely misses the yak.
The yak gores your ice beast!
Your ice beast hits the yak but does no damage.
The yak closely misses your ice beast.
You can no longer pass through a line of other dancers.
Your ice beast hits the yak.
Your ice beast freezes the yak!
The yak dies!
Found a stone staircase leading up.
Found a lumpy pink potion.
Found a stone staircase leading down.
Found a scroll of remove curse.
There is a stone staircase leading up here.
J - 2 lumpy pink potions (gained 1)
Your ice beast disappears in a puff of smoke!
F - 5 scrolls of remove curse (gained 1)
A seven-headed hydra comes into view.
A porcupine comes into view.
Evoke which item? (* to show all) (? for menu, Esc to quit)
Okay, then.
Unknown command.
Casting: Summon Ice Beast (dangerous; 9% risk of failure)
Confirm with . or Enter, or press ? or * to list all spells.
You can't see any susceptible monsters within range! (Use Z to cast anyway.) Unknown command.
Unknown command.
Casting: Summon Ice Beast (dangerous; 9% risk of failure)
Confirm with . or Enter, or press ? or * to list all spells.
You feel a surge of power! A chill wind blows around you.
Casting: Summon Ice Beast (dangerous; 9% risk of failure)
Confirm with . or Enter, or press ? or * to list all spells.
You feel a surge of power! A chill wind blows around you.
The porcupine completely misses you.
You puncture the porcupine!
The porcupine is poisoned.
The porcupine is heavily wounded.
The porcupine misses you.
You are struck by the porcupine's spines.
* * * LOW HITPOINT WARNING * * *
You puncture the porcupine!
You kill the porcupine!
You are struck by the porcupine's spines.
* * * LOW HITPOINT WARNING * * *
You miss the porcupine. The porcupine barely misses you.
Your ice beast barely misses the porcupine.
Your ice beast is struck by the porcupine's spines.
Your ice beast hits the porcupine but does no damage.
Okay, then.
You are struck by the porcupine's spines.
You die...

## ####
#..###..##
#.#..#.....#
............#
.............#
............Y.#
............r@#
............Y.#
..............#
..............#
..............#
..............#
..............#
..............#
..............#


You could see a porcupine and 2 friendly ice beasts.

Vanquished Creatures
  4 ogre magi (Orc:2)
  13 two-headed ogres
  2 orc high priests
  A skeletal warrior (D:12)
  An unseen horror (D:8)
  Pikel (D:5)
  An ugly thing (D:11)
  An orc sorcerer (Orc:1)
  A deep elf mage (D:12)
  2 spiny frogs
  Psyche (D:11)
  Maggie (D:8)
  2 trolls
  3 blink frogs (Lair:1)
  A hippogriff (D:11)
  A shadow (D:12)
  A wyvern (D:8)
  9 yaks
  A hungry ghost (D:12)
  A basilisk (Lair:2)
  Menkaure (D:5)
  2 wargs (Orc:2)
  Edmund (D:5)
  An acid dragon (Bailey)
  2 porcupines
  12 orc warriors
  3 ice beasts
  5 sky beasts
  2 black bears
  16 ogres
  2 slaves (D:5)
  A phantom (D:11)
  3 centaurs
  A crocodile (Lair:1)
  Blork the orc (D:6)
  A big kobold (D:9)
  8 bullfrogs
  A gnoll sergeant (D:3)
  5 killer bees (D:8)
  2 scorpions
  An electric eel (D:8)
  A wight (D:9)
  3 nameless horrors
  A howler monkey (D:8)
  5 crimson imps
  A quasit (D:8)
  2 bullfrog zombies
  A hound (D:10)
  A jelly (D:8)
  6 orc priests
  A centaur skeleton (D:12)
  5 gnoll shamans (D:3)
  2 bullfrog skeletons
  3 iguanas
  5 worker ants
  5 orc wizards
  A hound skeleton (D:11)
  A howler monkey zombie (D:11)
  A worker ant zombie (D:11)
  31 gnolls
  6 adders
  A howler monkey skeleton (D:10)
  4 shadow imps
  An ooze (D:3)
  An adder zombie (D:8)
  An adder skeleton (D:8)
  4 leopard geckos
  59 orcs
  2 giant cockroaches
  8 goblins
  2 hobgoblins
  8 jackals (D:3)
  8 kobolds
  A quokka (D:12)
  2 bats
  5 frilled lizards
  A quokka zombie (D:8)
  2 rats
  A fungus (Lair:2)
312 creatures vanquished.

Vanquished Creatures (collateral kills)
  A hydra (Lair:2)
  2 two-headed ogres
  A blink frog (Lair:1)
  A hippogriff (D:11)
  9 yaks
  A basilisk (Lair:2)
  A warg (Orc:2)
  2 porcupines
  7 orc warriors
  5 ogres
  A phantom (D:11)
  A centaur (Bailey)
  3 bullfrogs
  A water moccasin zombie (D:11)
  A hound (D:11)
  An orc wizard (Orc:1)
  An iguana (D:6)
  A worker ant (D:12)
  12 orcs
  A quokka (D:10)
53 creatures vanquished.

Vanquished Creatures (others)
  Maurice (D:11)
  An ogre (Orc:2)
  A quokka (D:8)
  4 plants (D:9)
7 creatures vanquished.

Grand Total: 372 creatures vanquished

Notes
Turn   | Place    | Note
-------+----------+-------------------------------------------
     0 | D:1      | Flugslaktarn the Octopode Ice Elementalist began the quest
                  | for the Orb.
     0 | D:1      | Reached XP level 1. HP: 11/11 MP: 3/3
     3 | D:1      | You fall into a shaft and drop 1 floor!
   158 | D:2      | Reached XP level 2. HP: 17/17 MP: 0/5
   292 | D:3      | Reached XP level 3. HP: 21/21 MP: 4/7
   299 | D:3      | Learned a level 3 spell: Frozen Ramparts
   326 | D:3      | Found a shattered altar of Ashenzari.
   530 | D:3      | Reached XP level 4. HP: 27/27 MP: 4/8
   603 | D:3      | Noticed Grinder
   652 | D:3      | Reached skill level 5 in Ice Magic
   671 | D:3      | Learned a level 4 spell: Summon Ice Beast
   683 | D:3      | Noticed a gnoll sergeant
   699 | D:3      | Killed a gnoll sergeant
   699 | D:3      | Reached XP level 5. HP: 31/31 MP: 6/10
   723 | D:3      | Reached XP level 6. HP: 28/36 MP: 3/12
   869 | D:3      | Reached XP level 7. HP: 41/41 MP: 5/13
  1066 | D:4      | Reached skill level 1 in Summonings
  1079 | D:4      | Found a staircase to the Ecumenical Temple.
  1083 | Temple   | Entered the Ecumenical Temple
  1140 | Temple   | Became a worshipper of Uskayaw the Reveler
  1186 | D:5      | Entered Level 5 of the Dungeon
  1186 | D:5      | Noticed Menkaure
  1192 | D:5      | Reached * piety under Uskayaw
  1194 | D:5      | Reached ** piety under Uskayaw
  1196 | D:5      | Killed Menkaure
  1209 | D:5      | Found Genoz's Weapon Boutique.
  1252 | D:6      | Noticed Edmund
  1263 | D:5      | Killed Edmund
  1263 | D:5      | Reached *** piety under Uskayaw
  1313 | D:5      | Noticed Pikel
  1327 | D:5      | Reached skill level 1 in Fighting
  1327 | D:5      | Reached skill level 1 in Invocations
  1327 | D:5      | Reached XP level 8. HP: 36/48 MP: 8/14
  1355 | D:5      | Got an ichor-stained rapier
  1361 | D:5      | Paralysed by Pikel for 3 turns
  1371 | D:5      | Killed Pikel
  1375 | D:5      | Identified the +8 rapier of Nostuhal {venom, rF+} (You
                  | found it on level 5 of the Dungeon)
  1401 | D:6      | Noticed Blork the orc
  1439 | D:5      | Found a shimmering blue altar of Sif Muna.
  1535 | D:6      | Killed Blork the orc
  1594 | D:6      | Got a fine rapier
  1599 | D:6      | Identified the cursed +1 rapier "Fuboor" {vorpal, rPois rC+
                  | MR+} (You found it on level 6 of the Dungeon)
  1608 | D:6      | Found a transporter.
  1608 | D:6      | Found a transporter.
  1682 | D:6      | Found a sacrificial altar of Ru.
  1687 | D:7      | Found Epedot's Magic Scroll Shoppe.
  1692 | D:7      | Reached skill level 5 in Dodging
  1692 | D:7      | Reached XP level 9. HP: 58/58 MP: 11/15
  1697 | D:7      | Bought a scroll of magic mapping for 38 gold pieces
  1813 | D:7      | Found Kirch's Assorted Antiques.
  1933 | D:7      | Found Roev's Jewellery Shop.
  1940 | D:7      | Reached skill level 3 in Stealth
  1941 | D:7      | Reached skill level 1 in Short Blades
  2127 | D:8      | Reached skill level 4 in Stealth
  2219 | D:8      | Killed an unseen horror
  2219 | D:8      | Reached skill level 5 in Fighting
  2219 | D:8      | Reached skill level 5 in Stealth
  2219 | D:8      | Reached **** piety under Uskayaw
  2256 | D:8      | Noticed a troll
  2262 | D:8      | Reached ***** piety under Uskayaw
  2264 | D:8      | Found a stormy altar of Qazlal.
  2271 | D:8      | Found a white marble altar of Elyvilon.
  2303 | D:8      | Killed a troll
  2303 | D:8      | Reached XP level 10. HP: 60/66 MP: 12/16
  2353 | D:8      | Reached skill level 5 in Invocations
  2410 | D:8      | Reached skill level 6 in Stealth
  2566 | D:8      | Found Piongora's Antique Weapon Shop.
  2638 | D:8      | Noticed Maggie
  2650 | D:8      | Killed Maggie
  2695 | D:8      | Found a blossoming altar of Fedhas.
  2695 | D:8      | Found an ancient bone altar of Kikubaaqudgha.
  2748 | D:9      | Found a staircase to the Lair.
  2884 | D:9      | Reached skill level 7 in Stealth
  2946 | D:9      | Found a sacrificial altar of Ru.
  3058 | D:10     | Entered Level 10 of the Dungeon
  3134 | D:10     | Noticed a two-headed ogre
  3151 | D:10     | Killed a two-headed ogre
  3235 | D:10     | Found a flagged portal.
  3244 | Bailey   | Entered a bailey
  3302 | Bailey   | Reached skill level 5 in Short Blades
  3380 | Bailey   | Reached skill level 8 in Stealth
  3830 | D:11     | Reached XP level 11. HP: 72/72 MP: 9/17
  3876 | D:11     | Noticed Psyche
  3889 | D:11     | Killed Psyche
  3953 | D:11     | Noticed Maurice
  3969 | D:11     | Killed Maurice
  3969 | D:11     | Reached skill level 10 in Dodging
  3976 | D:11     | Learned a level 5 spell: Borgnjor's Vile Clutch
  4095 | D:11     | Noticed a red ugly thing
  4104 | D:11     | Killed a red ugly thing
  4104 | D:11     | Reached skill level 1 in Earth Magic
  4104 | D:11     | Reached skill level 1 in Evocations
  4156 | D:11     | Reached skill level 1 in Necromancy
  4358 | D:12     | Noticed a two-headed ogre
  4379 | D:12     | Killed a two-headed ogre
  4528 | D:12     | Noticed a skeletal warrior
  4615 | D:12     | Noticed a deep elf mage
  4643 | D:12     | Noticed a skeletal warrior
  4643 | D:12     | Noticed a skeletal warrior
  4677 | D:12     | Killed a deep elf mage
  4682 | D:12     | Killed a skeletal warrior
  4682 | D:12     | HP: 2/72 [poisoned by a skeletal warrior]
  4684 | D:12     | Noticed a two-headed ogre
  4685 | D:12     | Noticed a skeletal warrior
  4859 | D:12     | Killed a two-headed ogre
  4882 | D:12     | Reached skill level 9 in Stealth
  5145 | D:10     | Found a staircase to the Orcish Mines.
  5153 | Orc:1    | Entered Level 1 of the Orcish Mines
  5153 | Orc:1    | Noticed an orc high priest
  5156 | Orc:1    | Noticed an orc sorcerer
  5160 | Orc:1    | Killed an orc high priest
  5171 | Orc:1    | Killed an orc sorcerer
  5250 | Orc:2    | Entered Level 2 of the Orcish Mines
  5253 | Orc:2    | Noticed an orc high priest
  5262 | Orc:2    | Reached XP level 12. HP: 68/79 MP: 2/18
  5269 | Orc:2    | Killed an orc high priest
  5269 | Orc:2    | Reached ****** piety under Uskayaw
  5404 | Orc:2    | Noticed a two-headed ogre
  5404 | Orc:2    | Noticed a two-headed ogre
  5404 | Orc:2    | Noticed a two-headed ogre
  5405 | Orc:2    | Noticed a two-headed ogre
  5406 | Orc:2    | Noticed an ogre mage
  5406 | Orc:2    | Noticed an ogre mage
  5415 | Orc:2    | Killed a two-headed ogre
  5415 | Orc:2    | Killed a two-headed ogre
  5417 | Orc:2    | Killed a two-headed ogre
  5417 | Orc:2    | Killed a two-headed ogre
  5423 | Orc:2    | Killed an ogre mage
  5423 | Orc:2    | Reached skill level 10 in Stealth
  5425 | Orc:2    | Killed an ogre mage
  5426 | Orc:2    | Noticed a two-headed ogre
  5431 | Orc:2    | Noticed a two-headed ogre
  5433 | Orc:2    | Killed a two-headed ogre
  5439 | Orc:2    | Killed a two-headed ogre
  5445 | Orc:2    | Noticed a two-headed ogre
  5459 | Orc:2    | Killed a two-headed ogre
  5459 | Orc:2    | Reached skill level 5 in Necromancy
  5459 | Orc:2    | Reached skill level 5 in Earth Magic
  5461 | Orc:2    | Found Simyuwamm's Antique Armour Boutique.
  5461 | Orc:2    | Found Dezacet's Assorted Antiques.
  5461 | Orc:2    | Found Reunuwkao's Armour Emporium.
  5461 | Orc:2    | Found Guetusof's Book Shop.
  5461 | Orc:2    | Noticed a two-headed ogre
  5462 | Orc:2    | Noticed an ogre mage
  5462 | Orc:2    | Noticed a two-headed ogre
  5462 | Orc:2    | Noticed a two-headed ogre
  5462 | Orc:2    | Noticed an ogre mage
  5473 | Orc:2    | Killed a two-headed ogre
  5473 | Orc:2    | Killed a two-headed ogre
  5473 | Orc:2    | Reached skill level 11 in Stealth
  5476 | Orc:2    | Noticed a two-headed ogre
  5477 | Orc:2    | Killed an ogre mage
  5477 | Orc:2    | Killed a two-headed ogre
  5477 | Orc:2    | Killed an ogre mage
  5477 | Orc:2    | Reached XP level 13. HP: 77/83 MP: 1/19
  5663 | D:7      | Bought a wide leatherbound book for 360 gold pieces
  5679 | D:7      | Bought the ring "Gilovani" {rElec rF+ MR+ Slay+2 Stlth+}
                  | for 725 gold pieces
  5729 | Lair:1   | Entered Level 1 of the Lair of Beasts
  5735 | Lair:1   | Learned a level 4 spell: Animate Dead
  6118 | Lair:2   | Reached skill level 5 in Spellcasting
  6156 | Lair:2   | Noticed Xaosum's ghost (journeyman OgFE)
  6158 | Lair:2   | Found a transporter.
  6160 | Lair:2   | Found a transporter.
  6280 | Lair:2   | Impaled on a porcupine's spines

Illustrated notes

Levels and vault maps discovered:
D:1:      doesnt_arrival_eight_statues, layout_rooms
D:2:      layout_basic, grunt_temple_overflow_gold_and_silver,
          old_standard_altar, first_ration, led_sif_pool, uniq_robin
D:3:      lemuel_castle_with_subvaults [lemuel_castle_interior_carwin_2],
          layout_loops_corners, ashenzari_conservatory_becter, uniq_grinder
D:4:      layout_loops_cross, makhleb_grotto_becter, kennysheep_mini,
          minmay_temple_entry_glassed_door, nicolae_ru_the_path_less_chosen
D:5:      layout_basic, kennysheep_little_box, serial_shops,
          nicolae_shop_behind_doors, uniq_pikel, uniq_menkaure
D:6:      layout_rooms, lemuel_doored_altar, basic_altar, gammafunk_ghost_hive,
          uniq_blork_the_orc, uniq_edmund
D:7:      layout_loops_ring, serial_shops, shop_statue, shop,
          nicolae_shop_crystal, nicolae_shop_trees, shop, grunt_livestock
D:8:      layout_basic, grunt_temple_overflow_growth_and_decay,
          elyvilon_altar_4, overflow_temple_1_default, serial_shops, shop_coins,
          nrook_pool_corridor, uniq_maggie
D:9:      layout_basic, kennysheep_mini_moat, david_lair_shrubbed,
          serial_rivers, chequers_serial_rivers_room_a,
          chequers_serial_rivers_room_b, chequers_serial_rivers_room_a,
          chequers_serial_rivers_micro_c, chequers_serial_rivers_room_b,
          chequers_serial_rivers_micro_e
D:10:     layout_basic, orc_0_dummy, enter_bailey_3
D:11:     layout_long_grid, uniq_psyche, uniq_maurice
D:12:     layout_basic
D:13:     minmay_skewed_foursquare, layout_irregular_city, uniq_snorg
Temple:   nicolae_temple_figure_zero
Lair:1:   layout_long_grid
Lair:2:   layout_hall_layers, gammafunk_ghost_hive, lemuel_fruit_fields
Orc:1:    layout_caves
Orc:2:    st_orc_ogre_mass, layout_caves

Skill      XL: |  1  2  3  4  5  6  7  8  9 10 11 12 13 |
---------------+----------------------------------------+-----
Spellcasting   | 3 4 5 |  5.3
Ice Magic      | 5 7 8 9 |  9.0
Summonings     | 3 |  3.0
Fighting       | 1 4 5 6 |  6.0
Invocations    | 1 3 4 5 6 7 |  7.0
Dodging        | 5 6 9 10 | 10.0
Stealth        | 5 8 9 11 | 11.0
Short Blades   | 3 5 6 7 8 |  8.0
Earth Magic    | 3 5 6 |  6.0
Evocations     | 3 4 |  4.0
Necromancy     | 3 5 8 |  8.1

Action                   |  1- 3 |  4- 6 |  7- 9 | 10-12 | 13-15 || total
-------------------------+-------+-------+-------+-------+-------++-------
Melee: Whip              |    17 |     3 |       |       |       ||    20
       Constrict         |     7 |     7 |    12 |    49 |     8 ||    83
       Tentacles         |     2 |     4 |    10 |    37 |     9 ||    62
       Halberd           |       |    21 |    28 |       |       ||    49
       Rapier            |       |       |    44 |   256 |    65 ||   365
Throw: Boomerang         |       |       |       |    12 |     9 ||    21
       Javelin           |       |       |       |     5 |       ||     5
       Throwing net      |       |       |       |     2 |       ||     2
 Cast: Freeze            |    16 |       |     1 |       |       ||    17
       Frozen Ramparts   |     2 |    11 |    27 |    46 |    11 ||    97
       Summon Ice Beast  |       |       |     6 |    40 |    10 ||    56
       Animate Dead      |       |       |       |       |     4 ||     4
       Borgnjor's Vile C |       |       |       |       |     2 ||     2
Invok: Line Pass         |       |       |       |       |     1 ||     1
Evoke: Wand              |       |       |     3 |    12 |       ||    15
  Use: Scroll            |       |       |     4 |    10 |     3 ||    17
       Potion            |       |       |     2 |     3 |       ||     5
 Stab: Sleeping          |     4 |       |     8 |    10 |     4 ||    26
       Distracted        |       |     1 |       |     2 |     1 ||     4
       Paralysed         |       |       |     1 |    16 |     3 ||    20
       Invisible         |       |       |       |     1 |       ||     1
  Eat: Ration            |       |     1 |     2 |     7 |     1 ||    11
       Chunk             |       |       |       |       |     3 ||     3
Armor: Skin              |     3 |       |     3 |     5 |       ||    11
Dodge: Dodged            |    19 |    12 |    67 |   266 |    53 ||   417

Table legend:
 A = Non-vault XP
 B = Vault XP
 C = Vault XP percentage of total XP
 D = Non-vault monster count
 E = Vault monster count
 F = Vault count percentage of total count
                 A         B        C        D         E       F
            +---------+---------+-------+---------+---------+-------
      Total |   22093 |   19183 |  46.5 |     247 |     113 |  31.4
            +---------+---------+-------+---------+---------+-------
        D:1 |       1 |       0 |   0.0 |       1 |       0 |   0.0
        D:2 |      22 |       0 |   0.0 |       7 |       0 |   0.0
        D:3 |      63 |     690 |  91.6 |      17 |      41 |  70.7
        D:4 |      83 |       0 |   0.0 |       4 |       0 |   0.0
        D:5 |     125 |     947 |  88.3 |       3 |       3 |  50.0
        D:6 |     278 |      74 |  21.0 |      12 |       1 |   7.7
        D:7 |     842 |       0 |   0.0 |      16 |       0 |   0.0
        D:8 |    2696 |     398 |  12.9 |      27 |       1 |   3.6
        D:9 |     737 |       0 |   0.0 |      21 |       0 |   0.0
       D:10 |     873 |       8 |   0.9 |      12 |       4 |  25.0
       D:11 |    1942 |     829 |  29.9 |      26 |       2 |   7.1
       D:12 |    4542 |       0 |   0.0 |      37 |       0 |   0.0
     Lair:1 |    2976 |       0 |   0.0 |      17 |       0 |   0.0
     Lair:2 |    3250 |       0 |   0.0 |      19 |       0 |   0.0
      Orc:1 |    1763 |       0 |   0.0 |      11 |       0 |   0.0
      Orc:2 |    1900 |   15081 |  88.8 |      17 |      32 |  65.3
     Bailey |       0 |    1156 | 100.0 |       0 |      29 | 100.0
            +---------+---------+-------+---------+---------+-------
